Unix NetHack Version 5.0.0-0 post-release - last build Jun 10 2026 00:39:30 (3ee93aec679c4c4259841fe613dc97188e26a321,branch:main).

Game began 2026-06-14 07:29:54, ended 2026-06-14 08:20:43.

80percenthuman, chaotic female human Wizard

                                                               -----
                           ------------                        |...|
                           |..........|    ------------       #....|
                           |@.........-#   |..........|       #|....#
                           ---.--------#   |..........|       #-----#
                              #        #   |..........|      ##     #
                              ####     #   |..........-#######      #
                                 #     #   ---|--------             ##
                                 #     #      #####                  #
                                 #     #          ###                #
       ---------   ##            #     #            #                #
       |.......|    ######       #     #            #                #  ------
       |........#####    #-------.--   #------------|---             #  .....|
       |......*|    ##   #-.(......|   #|.......<......|             # .(....|
       |.......-#### ###  |........|   #|..............|             #|....\.|
       |...<...|       ###..[......|   #|..............|             #.......|
       ---------          ----------   #.............).|              |......|
                                        ----------------               ......|
                                                                       -------

80percenthuman the Thaumaturge  St:11 Dx:14 Co:15 In:18 Wi:11 Ch:10  Chaotic
Dlvl:7  $:175 HP:0(48) Pw:26(62) AC:10 Xp:6 T:4453  Stone Satiated

Latest messages:
 You escape a rolling boulder trap.
 Click!  You trigger a rolling boulder trap!
 No boulder was released.
 You see here a knife.
 You can't go up here.
 You descend the stairs.
 Where do you want to travel to?
 (For instructions type a '?')
 Can't find dungeon feature '_'.
 Can't find dungeon feature '_'.
 Where do you want to travel to?
 (For instructions type a '?')
 Unknown direction: 'M-B' (use 'h', 'j', 'k', 'l' or '.').
 Unknown direction: 'M-;' (use 'h', 'j', 'k', 'l' or '.').
 Can't find dungeon feature '_'.
 You kill the gecko!
 Where do you want to travel to?
 (For instructions type a '?')
 The yellow light explodes!
 You are blinded by a blast of light!
 Where do you want to travel to?
 (For instructions type a '?')
 You climb up the stairs.
 You descend the stairs.
 Pick a monster, object or location.
 Where do you want to travel to?
 (For instructions type a '?')
 You descend the stairs.
 Pick a monster, object or location.
 You climb up the stairs.
 Double m prefix, canceled.
 You can see again.
 You descend the stairs.
 You hit the chickatrice.
 The chickatrice bites!
 The chickatrice touches you!
 You hear the chickatrice's hissing!
 You are slowing down.
 You can't go down here.
 You climb up the stairs.
 Your limbs are stiffening.
 You fail to cast the spell correctly.
 Your limbs have turned to stone.
 You have turned to stone.
 You are a statue.
 Do you want your possessions identified? [ynq] (y)
 Do you want to see your attributes? [ynq] (y)
 Do you want an account of creatures vanquished? [ynaq] (y)
 Do you want to see your conduct and achievements? [ynq] (y)
 Do you want to see the dungeon overview? [ynq] (y)

Inventory:
 Coins    ('$')
  $ - 175 gold pieces
 Amulets  ('"')
  G - an uncursed amulet versus poison (being worn)
 Weapons  (')')
  a - a blessed +3 quarterstaff (weapon in hands)
 Comestibles  ('%')
  B - 3 uncursed sprigs of wolfsbane
  o - 2 uncursed tripe rations
 Scrolls  ('?')
  j - an uncursed scroll of create monster
  H - a blessed scroll of earth
  p - an uncursed scroll of magic mapping
  y - an uncursed scroll of remove curse
  i - an uncursed scroll of stinking cloud
 Spellbooks  ('+')
  A - an uncursed spellbook of confuse monster
  z - an uncursed spellbook of create monster
  t - an uncursed spellbook of detect monsters
  s - an uncursed spellbook of extra healing
  l - a blessed spellbook of force bolt
  m - an uncursed spellbook of stone to flesh
 Potions  ('!')
  K - a blessed potion of booze
  g - an uncursed potion of booze
  M - an uncursed potion of fruit juice
  h - an uncursed potion of gain energy
  I - an uncursed potion of gain level
  R - an uncursed potion of paralysis
  T - an uncursed potion of sickness
  f - an uncursed potion of speed
 Rings    ('=')
  d - an uncursed +5 ring of increase accuracy (on right hand)
  e - an uncursed ring of invisibility
  C - an uncursed ring of poison resistance
  w - an uncursed ring of slow digestion
 Wands    ('/')
  N - a wand of fire (0:5)
  X - a wand of light (0:11)
  E - a wand of make invisible (0:8)
  c - a wand of make invisible (0:5)
  V - a wand of speed monster (0:4)
  L - a wand of speed monster (0:3)
 Tools    ('(')
  n - a magic marker (0:13)

80percenthuman the Wizard's attributes:

Background:
 You were a Thaumaturge, a level 6 female human Wizard.
 You were chaotic, on a mission for Anhur
 who was opposed by Ptah (lawful) and Thoth (neutral).
 You were right-handed.
 You were in the Dungeons of Doom, on level 7.
 You entered the dungeon 4453 turns ago.
 There was a new moon in effect when your adventure ended.
 You had 590 experience points, 50 more were needed to attain level 7.

Basics:
 You had 0 out of 48 hit points.
 You had 26 out of 62 energy points (spell power).
 Your armor class was 10.
 Your wallet contained 175 zorkmids.
 Autopickup was off.

Final Characteristics:
 Your strength was 11 (limit:18/100).
 Your dexterity was 14 (limit:18).
 Your constitution was 15 (limit:18).
 Your intelligence was 18 (limit:18).
 Your wisdom was 11 (limit:18).
 Your charisma was 10 (limit:18).

Final Status:
 You turned into stone.
 You were satiated.
 You were unencumbered.
 You were wielding a quarterstaff.
 You had basic skill with quarterstaff and could have enhanced that.
 You weren't wearing any armor.

Final Attributes:
 You were piously aligned.
 You were poison resistant.
 You were telepathic.
 You had a moderate bonus to hit (+5).
 You were very unlucky.
 You are dead.

Miscellaneous:
 You encountered 1 bones level.
 Total elapsed playing time was 50 minutes and 48 seconds.

Major events:
 Turn
    1: 80percenthuman the chaotic female human Wizard entered the dungeon
  629: entered the Gnomish Mines
  796: attained the rank of Conjurer (level 3)
 2317: consulted the Oracle
 2810: attained the rank of Thaumaturge (level 6)
 2816: entered Sokoban
 3404: completed 1st Sokoban level
 4453: petrified by a chickatrice

Spells:
 Name                 Level Category     Fail Retention
 force bolt             1   attack         0%   71%-80%
 stone to flesh         3   healing       71%  76%-100%
 create monster         2   clerical      31%  76%-100%
 confuse monster        1   enchantment    0%   81%-90%
 detect monsters        1   divination     0%  76%-100%
 extra healing          3   healing       71%  76%-100%

Skills:
 Fighting Skills
   bare handed combat [Unskilled]
   riding             [Unskilled]
 Weapon Skills
   dagger             [Unskilled]
   knife              [Unskilled]
   axe                [Unskilled]
   short sword        [Unskilled]
   club               [Unskilled]
   mace               [Unskilled]
   quarterstaff       [Basic]
   polearms           [Unskilled]
   spear              [Unskilled]
   trident            [Unskilled]
   sling              [Unskilled]
   dart               [Unskilled]
   shuriken           [Unskilled]
 Spellcasting Skills
   attack spells      [Basic]
   healing spells     [Unskilled]
   divination spells  [Unskilled]
   enchantment spells [Basic]
   clerical spells    [Unskilled]
   escape spells      [Unskilled]
   matter spells      [Unskilled]

Voluntary challenges:
 Character rerolling was not enabled.
 You never genocided any monsters.
 You never polymorphed an object.
 You never changed form.
 You used no wishes.
 You violated the special Sokoban rules 12 times.
Achievements:
 You entered a shop.
 You entered the Gnomish Mines.
 You attained the rank of Conjurer.
 You consulted the Oracle of Delphi.
 You attained the rank of Thaumaturge.
 You entered Sokoban.

 The Dungeons of Doom: levels 1 to 8
    Level 1:
    Level 2:
       A weapon shop.
       Stairs down to The Gnomish Mines.
    Level 3:
       A grave.
    Level 4:
       A fountain.
    Level 5:
    Level 6:
       Many fountains.
       Oracle of Delphi.
    Level 7: <- You were here.
       A throne.
       Stairs up to Sokoban, level 6.
       Final resting place for
          you, petrified by a chickatrice.
    Level 8:
 The Gnomish Mines:
    Level 3:
       Final resting place for
          Sallap-Bar-Hum-Mal-Cha, killed by a rothe.
 Sokoban: levels 6 up to 5
    Level 5:
       Unsolved.
    Level 6:
       Solved.


Vanquished creatures:
  a wolf
  a giant spider
  a jaguar
  a snake
 an imp
  8 Mordor orcs
  a rock mole
  a yellow light
  a gnome leader
  a black naga hatchling
  a gray ooze
  a straw golem
  a paper golem
  2 little dogs
  3 floating eyes
  a homunculus
  a kobold shaman
  a rothe
  a rabid rat
  a monkey
  2 coyotes
  a large kobold
  a brown mold
  a green mold
  a gnome
  4 garter snakes
  2 gnome zombies
  3 geckos
  6 jackals
  4 sewer rats
  6 grid bugs
  4 bats
  4 lichens
  2 kobold zombies
  4 newts
75 creatures vanquished.

No species were genocided or became extinct.

Game over:
                       ----------
                      /          \
                     /    REST    \
                    /      IN      \
                   /     PEACE      \
                  /                  \
                  |  80percenthuman  |
                  |      175 Au      |
                  |  petrified by a  |
                  |   chickatrice    |
                  |                  |
                  |                  |
                  |       2026       |
                 *|     *  *  *      | *
        _________)/\\_//(\/(/\)/\//\/|_)_______

Goodbye 80percenthuman the Wizard...

You turned to stone in The Dungeons of Doom on dungeon level 7 with 2949 points,
and 175 pieces of gold, after 4453 moves.
You were level 6 with a maximum of 48 hit points when you turned to stone.

